 Dungeon Crawl Stone Soup version 0.20-a0-1127-g1289703 (webtiles) character file.

11311 Leszczynek the Destroyer (level 11, -22/72 HPs)
             Began as an Octopode Wanderer on May 18, 2017.
             Was a High Priest of the Shining One.
             Engulfed by a cloud of freezing vapour (24 damage)
             ... on level 13 of the Dungeon.
             The game lasted 01:18:21 (10408 turns).

Leszczynek the Destroyer (Octopode Wanderer)       Turns: 10408, Time: 01:18:22

Health: -22/72     AC:  1    Str: 12    XL:     11   Next: 75%
Magic:  4/29       EV: 15    Int: 20    God:    the Shining One [*****.]
Gold:   739        SH:  0    Dex:  9    Spells: 1/22 levels left

rFire    . . .     SeeInvis .   a - +1 rapier (pierce)
rCold    . . .     Gourm    .   (no shield)
rNeg     + + .     Faith    .   (helmet restricted)
rPois    +         Spirit   .   (no amulet)
rElec    .         Reflect  .   v - ring of wizardry
rCorr    +         Harm     .   m - ring of resist corrosion
MR       .....                  r - ring of poison resistance
Stlth    ++........             E - ring of magical power
Regen    0.3/turn               M - +1 ring of evasion
MPRegen  0.3/turn               (no ring)
                                (no ring)
                                (no ring)

@: swift, glowing
A: almost no armour, stealthy swim, amphibious, 8 rings, constrict 8, camouflage
1, gelatinous body 1
a: Divine Shield, Cleansing Flame, Summon Divine Warrior, Renounce Religion


You were on level 13 of the Dungeon.
You worshipped the Shining One.
The Shining One was extremely pleased with you.
You were near starving.

You visited 1 branch of the dungeon, and saw 13 of its levels.

You collected 739 gold pieces.

Inventory:

Hand Weapons
 a - a +1 rapier of piercing (weapon)
 c - a +0 dagger of venom
 x - a +0 blowgun
Missiles
 h - 13 javelins of penetration (quivered)
 u - a throwing net
Magical Staves
 G - an uncursed staff of fire
Jewellery
 m - a ring of resist corrosion (right tentacle)
 r - a ring of poison resistance (on tentacle)
 v - a ring of wizardry (left tentacle)
 E - a ring of magical power (on tentacle)
 M - a +1 ring of evasion (on tentacle)
Wands
 B - a wand of digging (9/24)
 H - a wand of disintegration (20/24)
 I - a wand of polymorph (3/24)
Scrolls
 f - 2 scrolls of blinking
 g - 2 scrolls of identify {@r1}
 i - 3 scrolls of remove curse {@r2}
 p - a scroll of recharging {unknown}
 q - a scroll of enchant armour
 w - a scroll of enchant weapon
 D - a scroll of fear
Potions
 b - a potion of lignification {!q}
 e - 3 potions of haste
 l - a potion of heal wounds {@q2}
 o - 3 potions of ambrosia
 z - 3 potions of agility
 A - 2 potions of mutation {!q}
 C - a potion of flight {unknown}
 N - a potion of curing {unknown}
Books
 k - a book of Air

   Spells                             Type                      Level
   a - Shock                          Conjuration/Air              1
   b - Swiftness                      Charms/Air                   2
   c - Static Discharge               Conjuration/Air              3
   d - Airstrike                      Air                          4
   e - Lightning Bolt                 Conjuration/Air              5
 n - a book of Frost

   Spells                             Type                      Level
   a - Freeze                         Ice                          1
   b - Throw Frost                    Conjuration/Ice              2
   c - Ozocubu's Armour               Charms/Ice                   3
   d - Throw Icicle                   Conjuration/Ice              4
   e - Summon Ice Beast               Ice/Summoning                4
Comestibles
 d - 5 bread rations
 j - 13 meat rations
 s - 11 chunks of flesh
 K - 3 royal jellies


   Skills:
 - Level 5.2 Fighting
 + Level 3.1 Short Blades
 - Level 1.0 Throwing
 - Level 3.6 Dodging
 - Level 3.5 Stealth
 - Level 6.1 Spellcasting
 - Level 9.0 Conjurations
 - Level 4.6 Charms
 + Level 5.8 Ice Magic
 - Level 9.0 Air Magic
 - Level 4.2 Poison Magic
 - Level 4.9 Invocations


You had one spell level left.
You knew the following spells:

 Your Spells              Type           Power        Failure   Level  Hunger
a - Shock                 Conj/Air       ####         1%          1    None
b - Static Discharge      Conj/Air       #####...     1%          3    ##.....
c - Mephitic Cloud        Conj/Pois/Air  #####...     1%          3    ##.....
d - Airstrike             Air            #####.....   1%          4    ####...
e - Lightning Bolt        Conj/Air       #####.....   2%          5    #####..
f - Ozocubu's Armour      Chrm/Ice       ####....     1%          3    ##.....
P - Swiftness             Chrm/Air       ####....     1%          2    None


Dungeon Overview and Level Annotations

Branches:
Dungeon (13/15)            Temple (0/1) D:6            Lair (0/6) D:10
    Orc (0/2) D:12
 Vaults: D:13-14

Altars:
Cheibriados
Elyvilon
Fedhas
Gozag
Hepliaklqana
Kikubaaqudgha
Makhleb
Okawaru
Qazlal
Ru
Uskayaw
Vehumet
Xom
Yredelemnul
The Shining One

Shops:
D:13 [

Portals:
Bazaar: D:13

Annotations:
D:3 exclusion: sky beast
D:4 pikel, 2ho, Pikel
D:5 zhorgal's ghost, novice DrFE
D:6 orc p, orc f 2
D:7 exclusion: killer bee
D:8 2ho
D:9 2ho, Erica
D:10 Ijustatesigmund's ghost, journeyman DrCj
D:12 stone giant (E), 1+ skel w


Innate Abilities, Weirdness & Mutations

You cannot wear most types of armour.
You are very stealthy in the water. (Stealth+)
You are amphibious.
You can wear up to eight rings at the same time.
You can use your tentacles to constrict eight enemies at once.
Your skin changes colour to match your surroundings (Stealth+).
Your rubbery body absorbs attacks. (AC +1, EV +1)


Message History

The very large slime creature is heavily wounded.
You are near starving!
The large slime creature closely misses you.
Unknown command.
Unknown command.
A slime creature suddenly becomes a large slime creature.
The slime creature quivers.
Okay, then.
Found a flickering gateway to a bazaar.
Casting: Lightning Bolt
Confirm with . or Enter, or press ? or * to list all spells.
You feel quick. The large slime creature hits you!!!
Ouch! That really hurt!
* * * LOW HITPOINT WARNING * * *
Enter note: hmmm Really walk into a travel-excluded area?
Some of the chunks of flesh in your inventory have rotted away.
Found a sky beast corpse.
You are engulfed in freezing vapours.
You die...

****,* #.#
,,,,,*****
#J#
***,,,,,,*
#.# *,****,*
#J# *,* *,*
#.# *,* *,*
#####.# ***,*
*,* ##.§.#J#
,,,,*
*,####§§§...#
*****
*,...§.≈§@§§#
**###§§§§§≈##
#.§§§§##
##.§≈.#
#§##.# #.*..#
#.*.## *,*.*
*,*,*


You could see a large slime creature.

Vanquished Creatures
  The ghost of Scytalen the Arsonist, a journeyman OpFE of Vehumet (D:11)
  2 two-headed ogres
  A manticore (D:12)
  Psyche (D:12)
  A slime creature (D:13)
  A shadow (D:12)
  A wraith (D:12)
  7 yaks
  A wyvern (D:9)
  A hungry ghost (D:10)
  3 vampire mosquitoes (D:12)
  A water moccasin (D:8)
  A black bear (D:6)
  5 ice beasts
  3 sky beasts
  2 orc warriors
  An eye of draining (D:12)
  A slave (D:4)
  A necrophage (D:7)
  12 ogres
  4 phantoms
  5 centaurs
  A crocodile (D:7)
  3 big kobolds
  The ghost of anet the Magician, an amateur DEWz (D:4)
  11 bullfrogs
  A wyvern zombie (D:12)
  A wyvern skeleton (D:12)
  A water moccasin skeleton (D:10)
  3 scorpions
  5 killer bees (D:10)
  A howler monkey (D:11)
  2 crimson imps
  4 bullfrog zombies
  7 hounds
  2 orc priests
  3 bullfrog skeletons
  A jelly (D:12)
  4 iguanas
  8 orc wizards
  10 worker ants
  2 howler monkey skeletons
  8 gnolls
  13 adders
  2 shadow imps
  An ooze (D:5)
  5 adder skeletons
  A worm (D:2)
  7 leopard geckos
  27 orcs
  8 bats
  A giant cockroach (D:1)
  19 goblins
  2 hobgoblins (D:1)
  13 jackals
  19 kobolds
  2 quokkas
  2 ball pythons (D:3)
  A frilled lizard (D:1)
  A jackal skeleton (D:8)
  A quokka zombie (D:6)
  7 rats
267 creatures vanquished.

Vanquished Creatures (others)
  A sky beast (D:13)
  A bullfrog zombie (D:13)
2 creatures vanquished.

Grand Total: 269 creatures vanquished

Notes
Turn   | Place    | Note
-------+----------+-------------------------------------------
     0 | D:1      | Leszczynek the Octopode Wanderer began the quest for the Orb.
     0 | D:1      | Leszczynek set off with: a book of Air, the Handbook of the Jolly Souls, a scroll of teleportation, a bread ration, a +0 club
     0 | D:1      | Reached XP level 1. HP: 11/11 MP: 3/3
     0 | D:1      | 11/17/8 (4/7/1)
     0 | D:1      | that's about as a spellcaster start as it gets
     0 | D:1      | Identified the Handbook of the Jolly Souls
     2 | D:1      | Learned a level 1 spell: Shock
     2 | D:1      | so i'm going to cheat the opwn combo by playing opae, huh?
     2 | D:1      | unless i fuck this up too, ha ha
    51 | D:1      | >8 javelins of penetration
   172 | D:1      | Reached skill level 1 in Conjurations
   287 | D:1      | Reached XP level 2. HP: 17/17 MP: 0/5
   550 | D:1      | Reached skill level 2 in Conjurations
   684 | D:1      | oh wait
   684 | D:1      | there's no lightning spire in AE starting book anymore, is there
   684 | D:1      | maybe it won't be as easy as i hoped then
   694 | D:1      | Reached XP level 3. HP: 16/21 MP: 6/6
   789 | D:2      | Found a stormy altar of Qazlal.
   791 | D:2      | Noticed an air elemental
   791 | D:2      | Noticed an earth elemental
   792 | D:2      | Noticed a water elemental
   792 | D:2      | Noticed a fire elemental
   818 | D:2      | Learned a level 3 spell: Static Discharge
   969 | D:2      | Reached skill level 3 in Conjurations
  1161 | D:2      | Reached XP level 4. HP: 25/27 MP: 2/7
  1274 | D:2      | Learned a level 3 spell: Mephitic Cloud
  1480 | D:3      | Reached skill level 1 in Poison Magic
  1520 | D:3      | Noticed a sky beast
  1614 | D:3      | Found a faded altar of an unknown god.
  1623 | D:3      | oh boy
  1623 | D:3      | oh boooyyyyy
  1623 | D:3      | you know i'll take it, that's why you show it to me
  1643 | D:3      | Became a worshipper of the Shining One
  1643 | D:3      | Reached * piety under the Shining One
  1644 | D:3      | hm
  1644 | D:3      | is this bad or not
  1768 | D:4      | Reached XP level 5. HP: 31/31 MP: 0/8
  1855 | D:4      | Reached skill level 2 in Poison Magic
  1907 | D:4      | Noticed anet's ghost (amateur DEWz)
  2114 | D:4      | Reached skill level 4 in Conjurations
  2185 | D:4      | Noticed a slave
  2251 | D:4      | Reached skill level 3 in Poison Magic
  2297 | D:4      | Reached XP level 6. HP: 13/36 MP: 4/9
  2506 | D:4      | Noticed a slave
  2509 | D:4      | Killed anet's ghost
  2509 | D:4      | Reached skill level 4 in Poison Magic
  2510 | D:4      | fucking noise making retard
  2515 | D:4      | Killed a slave
  2678 | D:4      | Reached skill level 4 in Air Magic
  2762 | D:5      | Entered Level 5 of the Dungeon
  2821 | D:5      | Reached XP level 7. HP: 29/41 MP: 0/11
  2840 | D:5      | Learned a level 4 spell: Airstrike
  2916 | D:4      | Noticed a two-headed ogre
  2917 | D:4      | uh huh
  2946 | D:5      | HP: 5/41 [centaur (7)]
  2947 | D:5      | Reached skill level 3 in Spellcasting
  2947 | D:5      | Reached skill level 5 in Air Magic
  2947 | D:5      | HP: 2/41 [/static electricity (3)]
  2948 | D:5      | ex dee
  3203 | D:5      | Found a white marble altar of Elyvilon.
  3270 | D:5      | Noticed zhorgal's ghost (novice DrFE)
  3289 | D:4      | Noticed Pikel
  3379 | D:5      | Reached ** piety under the Shining One
  3484 | D:5      | Reached skill level 1 in Fighting
  3484 | D:5      | Reached skill level 1 in Dodging
  3739 | D:6      | oh come on
  3739 | D:6      | THREE of them in one pack have a blowgun?
  3918 | D:6      | Reached skill level 2 in Dodging
  3973 | D:6      | Reached skill level 2 in Fighting
  3997 | D:6      | actually
  3997 | D:6      | lightning bolt with halo might not be all that bad
  4022 | D:6      | Reached XP level 8. HP: 43/50 MP: 7/12
  4116 | D:6      | Found a staircase to the Ecumenical Temple.
  4117 | D:6      | sneaky shit
  4196 | D:6      | Found an opulent altar of Gozag.
  4196 | D:6      | Found an iron altar of Okawaru.
  4196 | D:6      | Found a basalt altar of Yredelemnul.
  4196 | D:6      | Found a sacrificial altar of Ru.
  4197 | D:6      | Found a blossoming altar of Fedhas.
  4197 | D:6      | Found a shimmering altar of Xom.
  4198 | D:6      | Found an opulent altar of Gozag.
  4198 | D:6      | Found a burning altar of Makhleb.
  4198 | D:6      | Found a hazy altar of Hepliaklqana.
  4198 | D:6      | Found a stormy altar of Qazlal.
  4198 | D:6      | Found a shimmering altar of Xom.
  4198 | D:6      | Found a hide-covered altar of Uskayaw.
  4241 | D:6      | Reached skill level 6 in Air Magic
  4242 | D:6      | wow this does no damage
  4295 | D:6      | Reached skill level 5 in Conjurations
  4557 | D:7      | Reached skill level 3 in Dodging
  4624 | D:7      | Reached skill level 4 in Spellcasting
  4650 | D:7      | Reached skill level 6 in Conjurations
  4889 | D:7      | Reached XP level 9. HP: 41/54 MP: 1/15
  4901 | D:7      | Learned a level 5 spell: Lightning Bolt
  5238 | D:7      | Reached skill level 7 in Conjurations
  5238 | D:7      | Reached skill level 7 in Air Magic
  5396 | D:8      | Reached *** piety under the Shining One
  5624 | D:8      | Noticed a two-headed ogre
  5871 | D:9      | Noticed Erica
  6003 | D:8      | Found an ancient bone altar of Kikubaaqudgha.
  6052 | D:8      | this is looking pretty bad
  6121 | D:8      | Reached skill level 8 in Air Magic
  6219 | D:8      | Killed a two-headed ogre
  6219 | D:8      | Reached skill level 8 in Conjurations
  6219 | D:8      | Reached XP level 10. HP: 60/60 MP: 2/16
  6233 | D:8      | yep, doesn't seem bad with halo
  6517 | D:9      | Noticed a two-headed ogre
  6608 | D:8      | Reached skill level 9 in Air Magic
  6721 | D:8      | just play cat and mouse with her, i guess
  6744 | D:9      | Reached skill level 3 in Fighting
  6911 | D:9      | Reached skill level 2 in Stealth
  7017 | D:9      | Found a radiant altar of Vehumet.
  7020 | D:9      | Found a burning altar of Makhleb.
  7022 | D:9      | Found a snail-covered altar of Cheibriados.
  7041 | D:10     | Entered Level 10 of the Dungeon
  7061 | D:10     | Reached skill level 9 in Conjurations
  7061 | D:10     | Reached skill level 1 in Invocations
  7088 | D:10     | hm
  7088 | D:10     | is divine shield even worth it?
  7088 | D:10     | it costs as much as one static discharge cast
  7088 | D:10     | i'm too used to fighters of tso
  7088 | D:10     | at very low invo it will give me something like 4-5 SH
  7088 | D:10     | hmm
  7235 | D:10     | Noticed Ijustatesigmund's ghost (journeyman DrCj)
  7276 | D:10     | Reached skill level 3 in Stealth
  7291 | D:10     | Noticed a two-headed ogre
  7449 | D:10     | Reached skill level 4 in Fighting
  7449 | D:10     | Reached skill level 2 in Invocations
  7611 | D:10     | Killed a two-headed ogre
  7611 | D:10     | Reached skill level 5 in Fighting
  7611 | D:10     | Reached skill level 3 in Invocations
  7782 | D:11     | d:11 and two ego weapons in entire game so far
  7782 | D:11     | can't make this shit up
  7930 | D:10     | Reached skill level 4 in Invocations
  7942 | D:11     | Reached **** piety under the Shining One
  8296 | D:12     | Reached skill level 5 in Spellcasting
  8305 | D:12     | Learned a level 2 spell: Swiftness
  8429 | D:10     | Found a shimmering altar of Xom.
  8429 | D:10     | Found a shimmering altar of Xom.
  8429 | D:10     | Found a shimmering altar of Xom.
  8429 | D:10     | Found a shimmering altar of Xom.
  8429 | D:10     | Found a shimmering altar of Xom.
  8432 | D:10     | Reached XP level 11. HP: 71/72 MP: 8/18
  8448 | D:10     | Found a shimmering altar of Xom.
  8450 | D:10     | Found a shimmering altar of Xom.
  8554 | D:10     | Learned a level 3 spell: Ozocubu's Armour
  8662 | D:10     | Reached skill level 1 in Ice Magic
  8805 | D:10     | Noticed a shining eye
  8833 | D:10     | Found a staircase to the Lair.
  8837 | D:10     | oh
  8837 | D:10     | here it is
  8979 | D:11     | Noticed Scytalen's ghost (journeyman OpFE)
  8979 | D:11     | uh huh
  8979 | D:11     | an awful lot of caster ghosts today
  9012 | D:11     | Reached skill level 2 in Ice Magic
  9089 | D:11     | Killed Scytalen's ghost
  9089 | D:11     | Reached skill level 6 in Spellcasting
  9089 | D:11     | Reached skill level 3 in Ice Magic
  9123 | D:11     | Found an iron altar of Okawaru.
  9233 | D:11     | Reached skill level 4 in Charms
  9686 | D:12     | Reached skill level 4 in Ice Magic
  9868 | D:12     | Noticed Psyche
  9878 | D:12     | Killed Psyche
 10048 | D:12     | Reached skill level 1 in Short Blades
 10051 | D:12     | Noticed a manticore
 10055 | D:12     | Killed a manticore
 10055 | D:12     | Reached skill level 5 in Ice Magic
 10057 | D:12     | Noticed a stone giant
 10057 | D:12     | uhhhh
 10065 | D:12     | okay, out
 10100 | D:12     | Reached skill level 2 in Short Blades
 10147 | D:12     | Reached ***** piety under the Shining One
 10249 | D:12     | Found a staircase to the Orcish Mines.
 10259 | D:12     | Noticed a skeletal warrior
 10277 | D:13     | shit
 10278 | D:13     | bazaar
 10377 | D:13     | Found Xigenara's Armour Boutique.
 10390 | D:13     | Noticed a centaur warrior
 10393 | D:13     | Reached skill level 3 in Short Blades
 10403 | D:13     | Found a flickering gateway to a bazaar.
 10404 | D:13     | HP: 1/72 [large slime creature (43)]
 10405 | D:13     | hmmm
 10408 | D:13     | Engulfed by a cloud of freezing vapour

Vault maps used:
D:1:      sevenhm_arrival_forest_fort_large_2
D:2:      nicolae_qazlal_style_of_elements
D:3:      first_bread, chequers_ecumenical_altar_simple
D:4:      uniq_pikel
D:5:      kennysheep_mini_moat, portal_sewer_entry_d, minmay_ogre_servants
D:6:      temple_doors_ab, uniq_crazy_yiuf_cottage
D:7:      serial_co_window_serial, co_window_of_opportunity_a,
          co_window_cross_1, co_window_corner_a, co_window_paths_a,
          co_window_of_opportunity_a, co_window_corner_b,
          co_window_unsneaky_path_b, co_window_unsneaky_path_e,
          co_window_corner_b, glass_columns_b, glass_columns_c,
          kennysheep_generic_room_3
D:8:      kiku_gazebo_garden_becter, minmay_misc_feat_room, grunt_ogre_cave
D:9:      grunt_temple_overflow_diamond, uniq_maurice, uniq_erica
D:10:     lair_entry_dummy, xom_shifter_show
D:11:     basic_altar
D:12:     hourglass_vault, orc_0_dummy, small_statue_alley_a, uniq_psyche
D:13:     serial_shops, freezing_bzr, shop, shop, shop, shop

Skill      XL: |  1  2  3  4  5  6  7  8  9 10 11 |
---------------+----------------------------------+-----
Conjurations   | 1 2 3 4 6 8 9 |  9.0
Poison Magic   | 1 3 4 |  4.2
Air Magic      | 4 5 6 8 9 |  9.0
Spellcasting   | 3 4 5 6 |  6.1
Fighting       | 2 5 |  5.2
Dodging        | 2 3 |  3.6
Stealth        | 3 |  3.5
Invocations    | 4 |  4.9
Ice Magic      | 5 |  5.8
Charms         | 4 |  4.6
Short Blades   | 3 |  3.1
Throwing       | |  1.0

Action                   |  1- 3 |  4- 6 |  7- 9 | 10-12 || total
-------------------------+-------+-------+-------+-------++-------
Melee: Short sword       |    23 |       |       |       ||    23
       Tentacles         |     4 |     4 |    22 |    15 ||    45
       Constrict         |     3 |    10 |    27 |    23 ||    63
       Rapier            |     1 |    58 |   111 |   107 ||   277
 Cast: Shock             |    58 |    83 |   129 |   125 ||   395
       Mephitic Cloud    |       |     1 |     2 |     1 ||     4
       Static Discharge  |       |     4 |    30 |    60 ||    94
       Airstrike         |       |       |     4 |    25 ||    29
       Lightning Bolt    |       |       |     2 |    30 ||    32
       Swiftness         |       |       |       |     1 ||     1
Evoke: Wand              |       |       |       |     4 ||     4
  Use: Potion            |       |     4 |     1 |       ||     5
       Scroll            |       |     2 |     7 |    13 ||    22
 Stab: Sleeping          |     2 |     3 |       |       ||     5
  Eat: Chunk             |     2 |     7 |     8 |    25 ||    42
       Royal jelly       |       |       |     2 |       ||     2
       Bread ration      |       |       |     1 |     1 ||     2
Armor: Skin              |     3 |     8 |     9 |     7 ||    27
Dodge: Dodged            |    23 |    37 |   118 |   125 ||   303
